 Dungeon Crawl Stone Soup version 0.30.1-4-g462c640d31 (webtiles) character file.

Game seed: 13887755890638765692

1812 Bobit the Poker (level 9, -2/69 HPs)
             Began as a Gnoll Reaver on Aug 13, 2023.
             Was a Priest of Jiyva.
             Killed by vampiric draining
             ... invoked by Esekla's ghost
              (13 damage)
             ... on level 4 of the Dungeon.
             The game lasted 00:10:46 (4189 turns).

Bobit the Poker (Gnoll Reaver)                      Turns: 4189, Time: 00:10:47

Health: -2/69      AC: 12    Str: 21    XL:     9   Next: 10%
Magic:  18/18      EV: 13    Int: 15    God:    Jiyva [***...]
Gold:   71         SH:  0    Dex: 11    Spells: 20/21 levels left

rFire   . . .        o - +1 sling of Ru's Brutal Revenge {flame, rElec Will- Str+5 Int+3}
rCold   . . .        (no shield)
rNeg    . . .        e - +5 ring mail of Sosyimier {Fly}
rPois   .            (no helmet)
rElec   +            (no cloak)
rCorr   +            (gloves unavailable)
SInv    .            (no boots)
Will    .....        (no amulet)
Stlth   ++           m - ring of flight
HPRegen 1.43/turn    (no ring)
MPRegen 0.51/turn

%: no passive effects
@: flying
A: fangs 1, strong nose, distributed training, claws 3, iridescent scales 1
a: Renounce Religion, Oozemancy


You were on level 4 of the Dungeon.
You worshipped Jiyva.
Jiyva was most pleased with you.
You visited 1 branch of the dungeon, and saw 5 of its levels.

You collected 71 gold pieces.

Inventory:

Hand Weapons
 a - a +0 spear
 o - the +1 sling of Ru's Brutal Revenge (weapon) {flame, rElec Will- Str+5 Int+3}
   (You found it on level 5 of the Dungeon)

   Str:       It affects your strength (+5).
   Int:       It affects your intelligence (+3).
   rElec:     It insulates you from electricity.
   Will:      It decreases your willpower.
Armour
 b - a +0 leather armour
 e - the +5 ring mail of Sosyimier (worn) {Fly}
   (You found it on level 2 of the Dungeon)

   Fly:       It grants you flight.
 k - the +1 robe of Ruem {SInv}
   (You found it on level 4 of the Dungeon)

   SInv:      It lets you see invisible.
Jewellery
 m - a ring of flight (left claw)
Wands
 i - a wand of roots (11)
Scrolls
 c - a scroll of silence {unknown}
 f - 4 scrolls of identify {unknown}
 h - a scroll of brand weapon {unknown}
 n - a scroll of immolation
Potions
 d - a potion of degeneration
 g - a potion of curing {unknown}
 j - 2 potions of flight {unknown}
 l - a potion of might {unknown}


   Skills:
 + Level 6.2 Fighting
 + Level 4.0 Short Blades
 + Level 4.0 Long Blades
 + Level 4.0 Axes
 + Level 4.0 Maces & Flails
 + Level 7.8 Polearms
 + Level 4.0 Staves
 + Level 4.0 Ranged Weapons
 + Level 4.0 Throwing
 + Level 4.0 Armour
 + Level 6.2 Dodging
 + Level 4.0 Stealth
 + Level 4.0 Shields
 + Level 4.0 Unarmed Combat
 + Level 6.5 Spellcasting
 + Level 6.4 Conjurations
 + Level 3.3 Hexes
 + Level 3.3 Summonings
 + Level 3.3 Necromancy
 + Level 3.3 Translocations
 + Level 3.3 Transmutations
 + Level 3.3 Fire Magic
 + Level 3.3 Ice Magic
 + Level 3.3 Air Magic
 + Level 3.3 Earth Magic
 + Level 3.3 Poison Magic
 + Level 4.4 Invocations
 + Level 4.0 Evocations


You had 20 spell levels left.
You knew the following spells:

 Your Spells              Type           Power      Damage    Failure   Level
a - Kiss of Death         Conj/Necr      76%        2d11      3%          1

Your spell library contained the following spells:

 Spells                   Type           Power      Damage    Failure   Level
 Momentum Strike          Conj/Tloc      38%        3d9       4%          2
 Hailstorm                Conj/Ice       19%        3d6       9%          3


Dungeon Overview and Level Annotations

Branches:
Dungeon (5/15)
 Temple: D:4-7

Altars:
Gozag
Kikubaaqudgha
Okawaru
Ru
Uskayaw
Xom
Jiyva

Shops:
D:2 !

Annotations:
D:4 Esekla's ghost, novice DENe
D:5 1 runed translucent door, Jingleheimer's ghost, novice OpTm


Innate Abilities, Weirdness & Mutations

You have very sharp teeth.
Your uncanny sense of smell can sniff out nearby items.
Your experience applies equally to all skills.
You have claws for hands.
You are partially covered in iridescent scales. (AC +2)


Message History

Esekla's ghost barely misses you. The orc attacks as you move away!
The orc barely misses you.
The orc priest looks braver for a moment.
The orc priest casts a cantrip, but nothing happens.
You feel less slimy.
You shoot a sling bullet. The sling bullet hits Esekla's ghost.
The sling bullet burns Esekla's ghost.
Esekla's ghost is severely damaged.
Esekla's ghost hits you but does no damage.
You shoot a sling bullet. The sling bullet hits Esekla's ghost.
The sling bullet burns Esekla's ghost.
Esekla's ghost is severely damaged.
Esekla's ghost hits you.
You shoot a sling bullet. The sling bullet hits Esekla's ghost.
The sling bullet burns Esekla's ghost.
Esekla's ghost is almost destroyed.
The orc priest calls down the wrath of Beogh upon you.
Beogh smites you!
Esekla's ghost hits you but does no damage.
The orc priest mumbles some strange prayers to Beogh against you.
Beogh smites you!
Esekla's ghost draws life force from you!
Esekla's ghost is healed by the life force!
You shoot a sling bullet.
The sling bullet completely misses Esekla's ghost.
The sling bullet completely misses the orc.
The sling bullet completely misses the orc priest.
Esekla's ghost is no longer covered in acid.
Esekla's ghost hits you but does no damage.
You shoot a sling bullet. The sling bullet hits Esekla's ghost.
The sling bullet burns Esekla's ghost.
Esekla's ghost is almost destroyed.
Esekla's ghost draws life force from you!
* * * LOW HITPOINT WARNING * * *
Esekla's ghost is healed by the life force!
You shoot a sling bullet. The sling bullet hits Esekla's ghost.
The sling bullet burns Esekla's ghost.
Esekla's ghost is severely damaged.
Esekla's ghost draws life force from you!
You die...

....#.#..#J#...............#...
....#.'..#.................
_.8.#.'.....................J..
..).#.'..o..##...#.............
....#.#.ooo.#....#.............
..##..#..##..oo#.#.#.......##..
..8#..#..###.#o#.#.#.##....###.
..##..#..#####W#.#.#.##..#.# #.
8.....#..##..#@#.#.#.....### #.
#######8.##....#.#.#......####.
######....#.#.#.......##..
#.......###.#.#....##.....
#.#####.# #.#....#.#...#..
#.#.....###.#.#.##...###..
#.#.######..#.#......##...
#.#.# #..#.........##..
#.#.######............##..


You could see 2 orc priests, Esekla's ghost, an orc and a neutral jelly
(wandering) (fellow slime).

Vanquished Creatures
  Prince Ribbit (D:5)
  3 yaks (D:4)
  An ice beast (D:3)
  2 ogres
  A centaur (D:3)
  A phantom (D:5)
  Blork the orc (D:5)
  2 scorpions (D:4)
  4 killer bees (D:5)
  A hound (D:5)
  2 iguanas (D:4)
  Natasha (D:2)
  An orc wizard (D:5)
  7 adders
  11 gnolls
  A worm (D:2)
  5 dart slugs
  7 orcs
  5 ball pythons
  2 endoplasms
  2 giant cockroaches
  10 goblins
  4 hobgoblins
  9 jackals
  2 quokkas
  3 bats (D:1)
  4 frilled lizards
  6 kobolds
  8 rats
107 creatures vanquished.

Vanquished Creatures (others)
  Sigmund (D:5)
  A water moccasin (D:5)
  A scorpion (D:5)
  A hound (D:4)
  7 jellies
  An orc priest (D:5)
  An iguana (D:5)
  4 adders
  5 endoplasms
  7 orcs
  3 ball pythons
  2 giant cockroaches
  A goblin (D:4)
  A hobgoblin (D:2)
  A jackal (D:4)
  2 bats (D:3)
  A frilled lizard (D:3)
  2 kobolds
  3 rats
45 creatures vanquished.

Grand Total: 152 creatures vanquished

Notes
Turn   | Place    | Note
-------+----------+-------------------------------------------
     0 | D:1      | Bobit the Gnoll Reaver began the quest for the Orb.
     0 | D:1      | Reached XP level 1. HP: 20/20 MP: 6/6
    57 | D:1      | Reached XP level 2. HP: 5/26 MP: 7/7
   330 | D:1      | Reached skill level 5 in Spellcasting
   330 | D:1      | Reached XP level 3. HP: 31/31 MP: 7/9
   550 | D:1      | Reached skill level 1 in Invocations
   750 | D:2      | Reached skill level 1 in Short Blades
   750 | D:2      | Reached skill level 1 in Long Blades
   750 | D:2      | Reached skill level 1 in Axes
   750 | D:2      | Reached skill level 1 in Maces & Flails
   750 | D:2      | Reached skill level 1 in Staves
   750 | D:2      | Reached skill level 1 in Ranged Weapons
   750 | D:2      | Reached skill level 1 in Throwing
   750 | D:2      | Reached skill level 1 in Armour
   750 | D:2      | Reached skill level 1 in Stealth
   750 | D:2      | Reached skill level 1 in Shields
   750 | D:2      | Reached skill level 1 in Unarmed Combat
   750 | D:2      | Reached skill level 1 in Evocations
   763 | D:2      | Found Wimyehut's Distillery.
   833 | D:2      | Reached XP level 4. HP: 27/38 MP: 11/11
   883 | D:2      | Found a faded altar of an unknown god.
   929 | D:2      | Prayed at the altar of an unknown god.
   929 | D:2      | Became a worshipper of Jiyva Jeithay the Shapeless
   929 | D:2      | Reached * piety under Jiyva
  1011 | D:2      | Reached skill level 1 in Hexes
  1011 | D:2      | Reached skill level 1 in Summonings
  1011 | D:2      | Reached skill level 1 in Necromancy
  1011 | D:2      | Reached skill level 1 in Translocations
  1011 | D:2      | Reached skill level 1 in Transmutations
  1011 | D:2      | Reached skill level 1 in Fire Magic
  1011 | D:2      | Reached skill level 1 in Ice Magic
  1011 | D:2      | Reached skill level 1 in Air Magic
  1011 | D:2      | Reached skill level 1 in Earth Magic
  1011 | D:2      | Reached skill level 1 in Poison Magic
  1081 | D:2      | Identified the +5 ring mail of Sosyimier {Fly}
  1223 | D:2      | Noticed Natasha
  1233 | D:2      | Killed Natasha
  1246 | D:2      | Reached XP level 5. HP: 43/43 MP: 12/12
  1430 | D:3      | Reached ** piety under Jiyva
  1446 | D:3      | Noticed an ice beast
  1470 | D:3      | Killed an ice beast
  1514 | D:3      | Reached XP level 6. HP: 46/50 MP: 13/13
  1641 | D:3      | Reached skill level 5 in Fighting
  1641 | D:3      | Reached skill level 5 in Dodging
  2097 | D:4      | Reached *** piety under Jiyva
  2104 | D:4      | Gained mutation: You have sharp fingernails. [Jiyva's
                  | grace]
  2104 | D:4      | Gained mutation: You have very sharp fingernails. [Jiyva's
                  | grace]
  2104 | D:4      | Gained mutation: You have claws for hands. [Jiyva's grace]
  2104 | D:4      | Gained mutation: You are partially covered in iridescent
                  | scales. (AC +2) [Jiyva's grace]
  2173 | D:4      | Identified the +1 robe of Ruem {SInv}
  2293 | D:4      | Reached skill level 7 in Polearms
  2293 | D:4      | Reached XP level 7. HP: 55/56 MP: 15/15
  2395 | D:4      | Found an opulent altar of Gozag.
  2406 | D:4      | Found an iron altar of Okawaru.
  2826 | D:4      | Found a runed translucent gate.
  2826 | D:4      | Found a runed translucent gate.
  2826 | D:4      | Found a runed translucent gate.
  2833 | D:4      | Identified the +0 spear of Fyrel {freeze, Dex+2}
  2833 | D:4      | Identified the +1 chain mail of Hikky {rC+ Will- Regen+
                  | Stlth+}
  2835 | D:4      | Noticed Esekla's ghost (novice DENe)
  2915 | D:4      | Reached **** piety under Jiyva
  3105 | D:5      | Entered Level 5 of the Dungeon
  3105 | D:5      | Noticed Sigmund
  3112 | D:5      | Killed Sigmund
  3149 | D:5      | Noticed Prince Ribbit
  3155 | D:5      | Found an ancient bone altar of Kikubaaqudgha.
  3182 | D:5      | Killed Prince Ribbit
  3183 | D:5      | Reached XP level 8. HP: 36/54 MP: 16/16
  3289 | D:5      | Noticed Blork the orc
  3309 | D:5      | Killed Blork the orc
  3497 | D:5      | Found a hide-covered altar of Uskayaw.
  3499 | D:5      | Found a sacrificial altar of Ru.
  3499 | D:5      | Found a shimmering altar of Xom.
  3605 | D:5      | Noticed a yak
  3733 | D:5      | Found a runed translucent door.
  3749 | D:5      | Noticed Jingleheimer's ghost (novice OpTm)
  3848 | D:5      | Identified the +1 sling of Ru's Brutal Revenge {flame,
                  | rElec Will- Str+5 Int+3}
  3991 | D:5      | Noticed a yak
  3994 | D:5      | Noticed a yak
  3995 | D:5      | Noticed a yak
  4045 | D:4      | Killed a yak
  4141 | D:4      | Killed a yak
  4142 | D:4      | Reached XP level 9. HP: 62/69 MP: 18/18
  4189 | D:4      | Killed from afar by Esekla's ghost

Illustrated notes

Levels and vault maps discovered:
D:1:      heliophobic_arrival_battle_scene, layout_rooms
D:2:      layout_basic, nicolae_ecumenical_snake_handling, serial_shops, shop,
          minmay_tree_intersection, kennysheep_cross_bottleneck,
          roderic_three_in_a_row, uniq_natasha
D:3:      layout_loops_cross
D:4:      layout_cave_pools, mainiacjoe_overflow_big_doors,
          serial_co_window_serial, co_window_paths_a, co_window_paths_b,
          co_window_cross_1, co_window_corner_a, co_window_paths_b,
          co_window_paths_a, co_window_broadway_b, co_window_corner_cb,
          co_window_corner_cb, co_window_broadway_a, co_window_broadway_c,
          co_window_corner_cb, co_window_of_opportunity_c, glass_columns_a,
          glass_columns_c, glass_columns_b, biasface_ghost_orc_armoury,
          corexii_item_surrounded_by_moat
D:5:      layout_loops_cross, nicolae_overflow_hidden_temple,
          mainiacjoe_overflow_chevrons, ebering_ghost_inner_flame,
          uniq_prince_ribbit1, uniq_blork_the_orc, uniq_sigmund

Skill      XL: |  1  2  3  4  5  6  7  8  9 |
---------------+----------------------------+-----
Spellcasting   | 5 6 |  6.5
Invocations    | 1 2 3 4 |  4.4
Short Blades   | 1 2 3 4 |  4.0
Long Blades    | 1 2 3 4 |  4.0
Axes           | 1 2 3 4 |  4.0
Maces & Flails | 1 2 3 4 |  4.0
Staves         | 1 2 3 4 |  4.0
Ranged Weapons | 1 2 3 4 |  4.0
Throwing       | 1 2 3 4 |  4.0
Armour         | 1 2 3 4 |  4.0
Stealth        | 1 2 3 4 |  4.0
Shields        | 1 2 3 4 |  4.0
Unarmed Combat | 1 2 3 4 |  4.0
Evocations     | 1 2 3 4 |  4.0
Hexes          | 1 2 3 |  3.3
Summonings     | 1 2 3 |  3.3
Necromancy     | 1 2 3 |  3.3
Translocations | 1 2 3 |  3.3
Transmutations | 1 2 3 |  3.3
Fire Magic     | 1 2 3 |  3.3
Ice Magic      | 1 2 3 |  3.3
Air Magic      | 1 2 3 |  3.3
Earth Magic    | 1 2 3 |  3.3
Poison Magic   | 1 2 3 |  3.3
Fighting       | 5 6 |  6.2
Dodging        | 5 6 |  6.2
Polearms       | 7 |  7.8
Conjurations   | 6 |  6.4

Action                     |  1- 3 |  4- 6 |  7- 9 || total
---------------------------+-------+-------+-------++-------
  Melee: Spear             |   125 |   274 |   271 ||   670
         Bite              |     8 |    23 |    19 ||    50
         Punch             |     1 |     3 |     3 ||     7
   Fire: Sling             |       |       |    68 ||    68
   Cast: Kiss of Death     |       |     1 |     3 ||     4
 Invoke: Slimify           |       |       |     1 ||     1
    Use: Potion            |     2 |       |       ||     2
   Stab: Sleeping          |       |       |     1 ||     1
 Armour: Leather armour    |    24 |     5 |       ||    29
         Ring mail         |       |    66 |   125 ||   191
  Dodge: Dodged            |    68 |   108 |   166 ||   342
